 Dungeon Crawl Stone Soup version 0.28.0-53-g5a82cb258f (webtiles) character file.

Game seed: 10985398841588201143

133 safid the Chopper (level 5, -1/46 HPs)
             Began as a Hill Orc Fighter on July 27, 2022.
             Was an Initiate of Beogh.
             Slain by a scorpion (4 damage)
             ... on level 4 of the Dungeon.
             The game lasted 00:03:13 (3193 turns).

safid the Chopper (Hill Orc Fighter)                Turns: 3193, Time: 00:03:14

Health: -1/46      AC:  8    Str: 20 (21) XL:     5   Next: 16%
Magic:  0/5        EV:  9    Int:  7 (8)  God:    Beogh [......]
Gold:   139        SH:  4    Dex:  7 (10) Spells: 4/4 levels left

rFire   + . .      SeeInvis .   a - +0 war axe
rCold   + . .      Faith    .   c - +0 buckler
rNeg    . . .      Spirit   +   b - +0 scale mail
rPois   +          Reflect  .   (no helmet)
rElec   +          Harm     .   (no cloak)
rCorr   +          Rampage  .   (no gloves)
Will    .....                   h - +0 pair of boots
Stlth   ..........              k - amulet of guardian spirit
HPRegen 0.15/turn               j - ring of resist corrosion
MPRegen 0.09/turn               (no ring)

@: lethally poisoned (-1 -> -14), resistant
A: no striking features
a: Renounce Religion


You were on level 4 of the Dungeon.
You worshipped Beogh.
Beogh was noncommittal.
You visited 1 branch of the dungeon, and saw 4 of its levels.

You collected 139 gold pieces.

Inventory:

Hand Weapons
 a - a +0 war axe (weapon)
Armour
 b - a +0 scale mail (worn)
 c - a +0 buckler (worn)
 h - a +0 pair of boots (worn)
Jewellery
 j - a ring of resist corrosion (left hand)
 k - an amulet of guardian spirit (around neck)
 m - a ring of see invisible
Scrolls
 e - a scroll of vulnerability {unknown}
 g - 5 scrolls of identify {unknown}
 i - a scroll of fear {unknown}
 l - 2 scrolls of fog {unknown}
 n - a scroll of noise {unknown}
 o - a scroll of immolation {unknown}
 p - 2 scrolls of enchant weapon {unknown}
Potions
 d - a potion of might
 r - a potion of curing {unknown}
 s - a potion of attraction {unknown}


   Skills:
 - Level 4.0 Fighting
 + Level 5.4 Axes
 - Level 4.0 Armour
 - Level 4.0 Shields


You had 4 spell levels left.
You didn't know any spells.
Your spell library contained the following spells:

 Spells                   Type           Power      Damage    Failure   Level
 Ensorcelled Hibernation  Hex/Ice        0%         N/A       95%         2
 Spider Form              Tmut/Pois      0%         N/A       99%         3
 Anguish                  Hex/Necr       0%         N/A       100%        4
 Malign Gateway           Summ/Tloc      0%         N/A       100%        7
 Summon Horrible Things   Summ           0%         N/A       100%        8


Dungeon Overview and Level Annotations

Branches:
Dungeon (4/15)
 Temple: D:4-7

Altars:
Trog
Vehumet

Shops:
D:1 *   D:2 (


Message History

The scorpion is severely wounded.
You feel sick. You block the scorpion's attack. The scorpion misses you.
You are too injured to fight recklessly!
You are too injured to fight recklessly!
You are too injured to fight recklessly!
You are too injured to fight recklessly!
You are too injured to fight recklessly!
You are too injured to fight recklessly!
You are too injured to fight recklessly!
You are too injured to fight recklessly!
You are too injured to fight recklessly!
You are too injured to fight recklessly!
You are too injured to fight recklessly!
You are too injured to fight recklessly!
You are too injured to fight recklessly!
Unknown command.
You barely miss the scorpion.
The scorpion is severely wounded.
You feel sick. The scorpion stings you.
You hit the scorpion.
The scorpion is almost dead.
You feel sick. The scorpion stings you.
* * * LOW HITPOINT WARNING * * *
You are more poisoned.
The scorpion poisons you! The scorpion stings you.
* * * LOW HITPOINT WARNING * * *
You are more poisoned.
The scorpion poisons you!
It was a potion of resistance.
You feel protected.
* * * LOW HITPOINT WARNING * * *
You feel very sick.
The scorpion stings you but does no damage.
It was a potion of degeneration.
There was something very wrong with that liquid.
You feel weakened.
You feel dopey.
You feel clumsy.
* * * LOW HITPOINT WARNING * * *
You feel very sick. The scorpion stings you.
You die...

...>....#....##..# #...
#.....###.###.########...
###............##........
#..####..###...........
##...###..##........##.
#.#..###..######.#.##<
#.##..###..# #...##.
#..###......## ###....
#.....@......# #.....
#.#...s....... #......
#.##.......... ........
#. #.......... .#......
#....)..... .(......
#...$...... s.......
##........# #.....
.......... .#.... .##..#


You could see a scorpion.

Vanquished Creatures
  A bullfrog skeleton (D:4)
  A gnoll (D:3)
  2 adders (D:3)
  A white imp (D:3)
  2 worms
  A dart slug (D:1)
  An orc (D:3)
  4 endoplasms
  3 giant cockroaches
  3 goblins
  7 hobgoblins
  4 quokkas
  4 ball pythons
  8 bats
  6 frilled lizards
  5 kobolds
  8 rats
61 creatures vanquished.

Vanquished Creatures (others)
  An orc (D:3)
  A ball python (D:3)
2 creatures vanquished.

Grand Total: 63 creatures vanquished

Notes
Turn   | Place    | Note
-------+----------+-------------------------------------------
     0 | D:1      | safid the Hill Orc Fighter began the quest for the Orb.
     0 | D:1      | Reached XP level 1. HP: 19/19 MP: 1/1
   173 | D:1      | Found Tiofok Feso's General Store.
   273 | D:1      | Reached XP level 2. HP: 27/27 MP: 2/2
   276 | D:1      | Reached skill level 3 in Axes
   889 | D:1      | Reached XP level 3. HP: 33/33 MP: 3/3
  1110 | D:2      | Found Onge's Antique Weapon Boutique.
  1844 | D:3      | Became a worshipper of Beogh the Brigand
  1852 | D:3      | Reached XP level 4. HP: 40/40 MP: 4/4
  1897 | D:3      | Reached skill level 4 in Axes
  1946 | D:3      | Found a radiant altar of Vehumet.
  2352 | D:3      | Found a bloodstained altar of Trog.
  2718 | D:4      | Noticed a scorpion
  3178 | D:4      | Reached skill level 5 in Axes
  3178 | D:4      | Reached XP level 5. HP: 43/46 MP: 3/5
  3193 | D:4      | Slain by a scorpion

Illustrated notes

Levels and vault maps discovered:
D:1:      dpeg_arrival_arbitrary_c, layout_loops_ring, serial_shops,
          nicolae_shop_trees
D:2:      layout_loops_ring, serial_shops,
          nicolae_shop_temple_entry_statues_fountains
D:3:      layout_loops_ring, nicolae_vehumet_radiance, trog_antimagical,
          minmay_pentomino_pile
D:4:      layout_rooms

Skill      XL: |  1  2  3  4 |
---------------+-------------+-----
Axes           | 3 5 |  5.4
Fighting       | 4 |  4.0
Armour         | 4 |  4.0
Shields        | 4 |  4.0

Action                   |  1- 3 |  4- 6 || total
-------------------------+-------+-------++-------
Melee: War axe           |   123 |    53 ||   176
Invok: Convert to Beogh  |     1 |       ||     1
  Use: Potion            |       |     2 ||     2
Armor: Scale mail        |    50 |    16 ||    66
Dodge: Dodged            |    45 |    28 ||    73
Block: Buckler           |    23 |    14 ||    37
